 Dungeon Crawl Stone Soup version 0.31-a0-204-g7da18cac08 (webtiles) character file.

Game seed: 16526129542318024625

10749 Freyya the Earth Mage (level 11, -4/54 HPs)
             Began as a Gargoyle Earth Elementalist on June 27, 2023.
             Was an Initiate of Vehumet.
             Slain by a boulder beetle (38 damage)
             ... on level 11 of the Dungeon.
             The game lasted 00:53:03 (12902 turns).

Freyya the Earth Mage (GrEE)                       Turns: 12902, Time: 00:53:04

Health: -4/54      AC: 31    Str: 12    XL:     11   Next: 67%
Magic:  24/26      EV:  6    Int: 20    God:    Vehumet [......]
Gold:   762        SH:  0    Dex: 10    Spells: 29/33 levels left

rFire   . . .        W - staff of earth
rCold   . . .        (no shield)
rNeg    + + .        V - +1 chain mail {rN+}
rPois   ∞            w - +0 helmet
rElec   +            I - +2 cloak
rCorr   .            n - +0 pair of gloves
SInv    .            f - +0 pair of boots
Will    .....        (no amulet)
Stlth   x              - +4 ring of protection
HPRegen 0.29/turn    J - +4 ring of protection
MPRegen 0.20/turn

%: no passive effects
@: hasted, studying Polearms, very quick
A: sickness immunity, AC +8, negative energy resistance 1, electricity
resistance, torment resistance 1, petrification resistance
a: Renounce Religion


You were on level 11 of the Dungeon.
You worshipped Vehumet.
Vehumet was noncommittal.
You visited 2 branches of the dungeon, and saw 12 of its levels.

You collected 762 gold pieces.

Inventory:

Hand Weapons
 j - a +0 dagger of electrocution
 P - a +2 whip of flaming
 R - a +4 quarterstaff of chaos
 Z - the +5 whip of Oozing Pus {drain, rElec rF+++ Str-2}
   (You found it on level 9 of the Dungeon)

   Str:       It affects your strength (-2).
   rF:        It renders you almost immune to fire.
   rElec:     It insulates you from electricity.
Missiles
 e - 2 throwing nets
 h - 135 stones
 z - 52 poisoned darts
Armour
 d - a +1 ring mail
 f - a +0 pair of boots (worn)
 n - a +0 pair of gloves (worn)
 p - a +0 leather armour of fire resistance
 u - a +0 scale mail
 v - a +0 animal skin
 w - a +0 helmet (worn)
 A - a +1 cloak
 I - a +2 cloak (worn)
 M - a +2 robe of resistance
 S - a +2 cloak
 V - a +1 chain mail of positive energy (worn)
Magical Staves
 W - a staff of earth (weapon)
Jewellery
 a - a ring of see invisible
 x - a +4 ring of protection (left hand)
 J - a +4 ring of protection (right hand)
 T - a ring of protection from fire
 Y - a +6 ring of strength
Wands
 q - a wand of mindburst (29)
 N - a wand of digging (1)
 U - a wand of charming (9)
Scrolls
 g - 2 scrolls of identify
 i - a scroll of amnesia {unknown}
 l - 3 scrolls of revelation
 o - 4 scrolls of teleportation
 s - a scroll of blinking {unknown}
 t - 2 scrolls of poison
 y - a scroll of noise {unknown}
 C - 2 scrolls of enchant armour
 H - 3 scrolls of fog {unknown}
 K - 2 scrolls of vulnerability {unknown}
 L - a scroll of butterflies {unknown}
 O - 4 scrolls of immolation
Potions
 b - 4 potions of magic
 k - 2 potions of might
 m - 3 potions of curing
 r - a potion of brilliance {unknown}
 B - 3 potions of haste
 D - a potion of resistance {unknown}
 E - a potion of attraction {unknown}
 F - a potion of lignification {unknown}
 G - 4 potions of degeneration
 Q - 4 potions of enlightenment {unknown}
 X - 5 potions of mutation {unknown}


   Skills:
 - Level 1.5 Dodging
 - Level 2.1 Stealth
 + Level 11.9 Spellcasting
 - Level 0.7 Transmutations
 + Level 15.4 Earth Magic


You had 29 spell levels left.
You knew the following spells:

 Your Spells              Type           Power      Damage    Failure   Level
a - Sandblast             Erth           100%       2d20      1%          1
b - Stone Arrow           Conj/Erth      100%       3d13      22%         3

Your spell library contained the following spells:

 Spells                   Type           Power      Damage    Failure   Level
 Passwall                 Tmut/Erth      50%        N/A       9%          2
 Petrify                  Tmut/Erth      61%        N/A       52%         4
 Apportation              Tloc           22%        N/A       86%         1
 Kiss of Death            Conj/Necr      44%        2d8       86%         1
 Necrotise                Necr           44%        1d6       86%         1
 Summon Small Mammal      Summ           44%        N/A       86%         1
 Lesser Beckoning         Tloc           22%        N/A       95%         2
 Confusing Touch          Hex            11%        N/A       99%         3
 Gell's Gravitas          Tloc           11%        N/A       99%         3
 Teleport Other           Tloc           11%        N/A       99%         3
 Dispel Undead            Necr           11%        3d9       100%        4


Dungeon Overview and Level Annotations

Branches:
Dungeon (11/15)            Temple (1/1) D:4            Lair (0/5) D:8
    Orc: D:9-12

Altars:
Ashenzari
Cheibriados
Dithmenos
Elyvilon
Fedhas
Gozag
Hepliaklqana
Kikubaaqudgha
Makhleb
Nemelex Xobeh
Okawaru
Qazlal
Ru
Sif Muna
Trog
Uskayaw
Vehumet
Wu Jian
Xom
Yredelemnul
Zin
The Shining One

Shops:
D:2 *   D:4 *   D:5 ?   D:6 (


Innate Abilities, Weirdness & Mutations

You are immune to sickness and miasma.
Your stone body is resilient. (AC +8)
You are immune to poison.
You resist negative energy. (rN+)
You are resistant to electric shocks. (rElec)
You are resistant to unholy torment.
You are immune to petrification.


Message History

Aiming: Sandblast (safe; 1% risk of failure)
Press: ? - help, Q - select action, (/) - cycle Shift-Dir - straight line, f/p - boulder beetle
Aim: a boulder beetle (moderately wounded, 100% to hit)
You feel a surge of power!
The blast of sand hits the boulder beetle but does no damage.
The boulder beetle is moderately wounded.
The boulder beetle curls into a ball and begins rolling!
Aiming: Sandblast (safe; 1% risk of failure)
Press: ? - help, Q - select action, (/) - cycle Shift-Dir - straight line, f/p - boulder beetle
Aim: a boulder beetle (moderately wounded, rolling, 100% to hit)
You feel a surge of power!
The blast of sand hits the boulder beetle!
The boulder beetle is heavily wounded.
The boulder beetle barely misses you.
The boulder beetle stops rolling and uncurls.
The boulder beetle curls into a ball and begins rolling!
The boulder beetle hits you but does no damage.
The boulder beetle stops rolling and uncurls.
You feel better.
You feel better.
The boulder beetle leaps!
You feel better.
Aiming: Sandblast (safe; 1% risk of failure)
Press: ? - help, Q - select action, (/) - cycle Shift-Dir - straight line, f - you, p - boulder beetle
Okay, then.
The boulder beetle curls into a ball and begins rolling!
Aiming: Sandblast (safe; 1% risk of failure)
Press: ? - help, Q - select action, (/) - cycle Shift-Dir - straight line, f/p - boulder beetle
Aim: a boulder beetle (moderately wounded, rolling, 100% to hit)
You feel a surge of power!
The blast of sand hits the boulder beetle!
The boulder beetle is heavily wounded.
Aiming: Sandblast (safe; 1% risk of failure)
Press: ? - help, Q - select action, (/) - cycle Shift-Dir - straight line, f/p - boulder beetle
Aim: a boulder beetle (heavily wounded, rolling, 100% to hit)
You feel a surge of power!
The blast of sand hits the boulder beetle but does no damage.
The boulder beetle is heavily wounded.
The boulder beetle hits you!!!
Ouch! That really hurt!
You die...

##+ #†.).........#
#....##...~....~...# ####
#....###..........## #...
#...........~~....# #...
#....##....[~~....# #...
#....###..........## #...
#....##...~....~...########..<
#....##..................>'...
#....'...°°○B@.......######...
#....##.......#.....## #...
#....########.####### ###+
####'### #.# #....# #.# #.####
#.# ##'####### ##+#####
####### #........# #......####
#...... #........#
#......'..###......


You could see a boulder beetle (rolling).

Vanquished Creatures
  A two-headed ogre (D:9)
  A wizard (D:9)
  Pikel (D:6)
  A cyclops (D:10)
  An elephant (D:8)
  A gargoyle (D:10)
  A komodo dragon (D:10)
  Grinder (D:4)
  Sigmund (D:4)
  A shadow (D:10)
  The ghost of caveywoolpert the Digger, an amateur GrEE (D:4)
  2 vampires
  2 basilisks (D:8)
  A wyvern (D:8)
  Eustachio (D:5)
  17 yaks
  2 steam dragons
  Duvessa (D:4)
  An ice beast (D:8)
  4 orc warriors
  2 sky beasts
  An ogre (D:6)
  A centaur (D:8)
  2 phantoms (D:4)
  A lemure (D:6)
  Blork the orc (D:5)
  5 kobold brigands
  A bullfrog (D:8)
  4 scorpions
  4 wights (D:9)
  Dowan (D:4)
  14 killer bees
  A howler monkey (D:11)
  2 hounds (D:5)
  Crazy Yiuf (D:6)
  5 orc priests
  2 jellies
  3 sleepcaps
  5 iguanas
  Ijyb (D:4)
  4 orc wizards
  Robin (D:3)
  10 gnolls
  8 adders
  A shadow imp (D:6)
  3 ufetubi
  7 worms
  A dart slug (D:4)
  37 orcs
  5 bats
  14 endoplasms
  5 giant cockroaches
  14 goblins
  13 hobgoblins
  5 jackals
  5 quokkas
  11 ball pythons
  3 frilled lizards (D:1)
  34 kobolds
  10 rats
290 creatures vanquished.

Notes
Turn   | Place    | Note
-------+----------+-------------------------------------------
     0 | D:1      | Freyya the Gargoyle Earth Elementalist began the quest for
                  | the Orb.
     0 | D:1      | Reached XP level 1. HP: 10/10 MP: 3/3
   148 | D:1      | Reached XP level 2. HP: 15/15 MP: 3/5
   151 | D:1      | Reached skill level 4 in Earth Magic
   483 | D:1      | Reached XP level 3. HP: 19/19 MP: 1/6
  1061 | D:1      | Found a faded altar of an unknown god.
  1231 | D:2      | Reached XP level 4. HP: 24/24 MP: 4/8
  1265 | D:2      | Reached skill level 5 in Earth Magic
  1804 | D:2      | Found Fovaarov's General Store.
  2379 | D:2      | Reached XP level 5. HP: 28/28 MP: 7/10
  2806 | D:3      | Noticed Robin
  3009 | D:3      | Killed Robin
  3879 | D:3      | Reached skill level 6 in Earth Magic
  3879 | D:3      | Reached XP level 6. HP: 32/32 MP: 10/12
  4094 | D:4      | Learned a level 3 spell: Stone Arrow
  4416 | D:4      | Noticed Grinder
  4416 | D:4      | Paralysed by Grinder for 3 turns
  4423 | D:4      | Killed Grinder
  4424 | D:4      | Reached skill level 5 in Spellcasting
  4424 | D:4      | Reached skill level 7 in Earth Magic
  4424 | D:4      | Reached XP level 7. HP: 31/36 MP: 9/15
  4472 | D:4      | Found a large runed translucent door.
  4472 | D:4      | Found a large runed translucent door.
  4474 | D:4      | Noticed caveywoolpert's ghost (amateur GrEE)
  4476 | D:4      | Found Yhebo's General Store.
  4489 | D:4      | Noticed Duvessa
  4493 | D:4      | Noticed Dowan
  4498 | D:4      | Killed Duvessa
  4499 | D:4      | Reached skill level 8 in Earth Magic
  4509 | D:4      | Killed Dowan
  4808 | D:4      | Reached XP level 8. HP: 35/41 MP: 8/17
  5065 | D:4      | Found a staircase to the Ecumenical Temple.
  5071 | Temple   | Entered the Ecumenical Temple
  5287 | D:4      | Noticed Sigmund
  5301 | D:4      | Killed Sigmund
  5302 | D:4      | Reached skill level 9 in Earth Magic
  5349 | D:4      | Noticed Ijyb
  5353 | D:4      | Killed Ijyb
  5532 | D:4      | Killed caveywoolpert's ghost
  5642 | D:5      | Entered Level 5 of the Dungeon
  5644 | D:5      | Found Argheduph's Magic Scroll Shop.
  5818 | D:5      | Noticed Eustachio
  5822 | D:5      | Killed Eustachio
  5824 | D:5      | Reached skill level 10 in Earth Magic
  5924 | D:5      | Reached XP level 9. HP: 45/45 MP: 17/20
  6122 | D:5      | Noticed Blork the orc
  6129 | D:5      | Killed Blork the orc
  6195 | D:5      | Found a glowing silver altar of Zin.
  6245 | D:5      | Found an opulent altar of Gozag.
  6355 | D:6      | Found Jihoig's Antique Weapon Emporium.
  6431 | D:6      | Identified the +0 helmet of Untruth {rN+ Dex+3 Slay+3}
  6765 | D:6      | Found a sparkling altar of Nemelex Xobeh.
  7103 | D:6      | Found a runed translucent door.
  7104 | D:6      | Noticed Crazy Yiuf
  7152 | D:6      | Noticed Pikel
  7157 | D:6      | Killed Pikel
  7158 | D:6      | Reached skill level 11 in Earth Magic
  7303 | D:6      | Killed Crazy Yiuf
  7526 | D:7      | Found a shadowy altar of Dithmenos.
  8427 | D:8      | Reached skill level 12 in Earth Magic
  8521 | D:8      | Reached XP level 10. HP: 46/50 MP: 19/23
  8699 | D:8      | Found a staircase to the Lair.
  8699 | D:8      | Noticed an elephant
  8713 | D:8      | Killed an elephant
  8722 | D:8      | Reached skill level 10 in Spellcasting
  8722 | D:8      | Reached skill level 13 in Earth Magic
  9605 | D:9      | Noticed a two-headed ogre
  9610 | D:9      | Killed a two-headed ogre
  9611 | D:9      | Reached skill level 14 in Earth Magic
  9676 | D:9      | Reached XP level 11. HP: 54/54 MP: 21/25
  9753 | D:9      | Identified the +5 whip of Oozing Pus {drain, rElec rF+++
                  | Str-2}
  9798 | D:9      | Noticed a wizard
  9802 | D:9      | Killed a wizard
 10953 | D:10     | Entered Level 10 of the Dungeon
 11293 | D:10     | Reached skill level 15 in Earth Magic
 11507 | D:10     | Found a radiant altar of Vehumet.
 11540 | D:10     | Became a worshipper of Vehumet
 11823 | D:10     | Noticed a cyclops
 11831 | D:10     | Killed a cyclops
 12862 | D:11     | Noticed a boulder beetle
 12902 | D:11     | Slain by a boulder beetle

Illustrated notes

Levels and vault maps discovered:
D:1:      minmay_arrival_open_corners, layout_basic,
          hellmonk_ecumenical_altar_crossroads, dk_noncrumbling_2,
          serial_bayou_pond_c, grunt_decor_mini_mirrors, minmay_tetromino_l2
D:2:      layout_basic, serial_shops, shop, minmay_indecisive_spiral
D:3:      layout_loops_ring, serial_forest, infiniplex_forest_fountain,
          infiniplex_forest_lined_3, infiniplex_forest_lined_room_,
          infiniplex_forest_lined_ring, infiniplex_forest_straight_2,
          infiniplex_forest_end_1, infiniplex_forest_zigzag_2, nrook_campfire,
          uniq_robin
D:4:      layout_cave_pools, minmay_temple_entry_enclosed_plants, serial_shops,
          shop, ebering_ghost_disaster_area, uniq_duvessa, uniq_ijyb,
          uniq_grinder, uniq_sigmund
D:5:      layout_rooms, pdpol_temple_overflow_zin_treasury_gozag_greed,
          serial_shops, nicolae_stop_n_shop_2, minmay_manual_monstrance,
          uniq_eustachio, uniq_blork_the_orc
D:6:      layout_loops_ring, nemelex_spade_bored_becter, serial_shops,
          nicolae_stop_n_shop_2, chequers_serial_rivers_micro_e, uniq_pikel,
          uniq_crazy_yiuf_cottage
D:7:      layout_basic, nicolae_dithmenos_the_darkroom, item_on_display_a
D:8:      layout_basic, david_lair_generic, minivault_27
D:9:      layout_grid_maze, nzn_life_drinkers
D:10:     layout_long_grid, amcnicky_altar_gilded
D:11:     layout_roguey, chequers_serial_rivers_room_a, skrybe_limestone_x
Temple:   bh_familiar_temple

Skill      XL: |  1  2  3  4  5  6  7  8  9 10 11 |
---------------+----------------------------------+-----
Earth Magic    | 4 5 6 7 8 10 12 14 15 | 15.4
Spellcasting   | 3 4 5 6 7 9 10 11 | 11.9
Dodging        | |  1.5
Stealth        | |  2.1
Transmutations | |  0.7

Action                     |  1- 3 |  4- 6 |  7- 9 | 10-12 || total
---------------------------+-------+-------+-------+-------++-------
  Melee: Unarmed           |       |     4 |       |       ||     4
         Dagger            |       |     5 |     1 |       ||     6
         Staff             |       |       |       |     6 ||     6
   Cast: Sandblast         |    51 |   139 |   153 |   232 ||   575
         Stone Arrow       |       |       |       |     1 ||     1
    Use: Scroll            |     5 |     4 |     1 |     2 ||    12
         Potion            |       |       |     1 |     9 ||    10
 Armour: Ring mail         |    10 |    72 |    25 |       ||   107
         Robe              |     1 |       |    25 |   170 ||   196
         Chain mail        |       |       |       |    71 ||    71
  Dodge: Dodged            |    15 |    74 |    52 |   148 ||   289

Table legend: (Time is in decaauts)
 A = Elapsed time spent in this place.
 B = Non-inter-level travel time spent in this place.
 C = Inter-level travel time spent in this place.
 D = Time resting spent in this place.
 E = Time spent auto-exploring this place.
 F = Levels seen in this place.
 G = Mean time per level.
                   A        B        C        D        E       F      G
               +--------+--------+--------+--------+--------+-----+--------+
         Total |  13183 |  12166 |   1017 |   2624 |   7350 |  12 | 1098.6 |
       Dungeon |  12998 |  11997 |   1001 |   2624 |   7187 |  11 | 1181.6 |
        Temple |    185 |    169 |     16 |      0 |    163 |   1 |  185.0 |
               +--------+--------+--------+--------+--------+-----+--------+

Top non-repeatable levels by time:
     D:2: 1730 daAuts
    D:10: 1698 daAuts
     D:9: 1387 daAuts
     D:4: 1354 daAuts
     D:3: 1323 daAuts
     D:8: 1299 daAuts
     D:6: 1181 daAuts
     D:1: 1169 daAuts
     D:7: 870 daAuts
     D:5: 695 daAuts
    D:11: 287 daAuts
  Temple: 185 daAuts
